 Dungeon Crawl Stone Soup version 0.23-a0-296-ga3b1b28 (webtiles) character file.

3369 Laiders72 the Geomancer (level 10, -14/60 HPs)
             Began as a Gargoyle Earth Elementalist on Oct 5, 2018.
             Was a Follower of Vehumet.
             Demolished by an ogre
             ... wielding a cursed -3 giant spiked club
              (24 damage)
             ... on level 8 of the Dungeon.
             The game lasted 00:36:53 (8472 turns).

Laiders72 the Geomancer (GrEE)                      Turns: 8472, Time: 00:36:53

Health: -14/60     AC: 15    Str: 13    XL:     10   Next: 3%
Magic:  6/21       EV: 12    Int: 22    God:    Vehumet [*.....]
Gold:   279        SH:  0    Dex: 10    Spells: 13/24 levels left

rFire    . . .     SeeInvis .   u - +1 flail (curse)
rCold    . . .     Gourm    .   (no shield)
rNeg     + . .     Faith    .   c - +0 robe
rPois    ∞         Spirit   .   (no helmet)
rElec    +         Reflect  .   B - +2 cloak
rCorr    .         Harm     .   H - +0 pair of gloves
MR       .....                  x - +1 pair of boots
Stlth    ++........             (no amulet)
HPRegen  0.20/turn              t - +4 ring of intelligence
MPRegen  0.17/turn              y - +5 ring of slaying

@: no status effects
A: negative energy resistance 1, electricity resistance, unbreathing,
petrification resistance, rot immunity, AC +7
a: Renounce Religion


You were on level 8 of the Dungeon.
You worshipped Vehumet.
Vehumet was aware of your devotion.
You were not hungry.

You visited 1 branch of the dungeon, and saw 8 of its levels.

You collected 279 gold pieces.

Inventory:

Hand Weapons
 u - a cursed +1 flail (weapon)
 w - a +0 morningstar
Missiles
 b - 107 stones (quivered)
 i - 29 arrows
Armour
 c - a +0 robe (worn)
 x - a +1 pair of boots (worn)
 B - a +2 cloak (worn)
 H - a +0 pair of gloves (worn)
Jewellery
 t - a +4 ring of intelligence (left hand)
 y - a +5 ring of slaying (right hand)
Wands
 o - a wand of iceblast (17)
 A - a wand of flame (44)
 F - a wand of polymorph (16)
 I - a wand of paralysis (12)
Scrolls
 a - 2 scrolls of magic mapping
 f - a scroll of enchant weapon
 g - 2 scrolls of enchant armour
 h - 3 scrolls of identify
 j - a scroll of random uselessness {unknown}
 l - a scroll of fear {unknown}
 q - a scroll of remove curse {unknown}
 s - 2 scrolls of teleportation
 E - a scroll of silence {unknown}
Potions
 e - 2 potions of lignification {unknown}
 k - a potion of flight {unknown}
 m - 2 potions of agility {unknown}
 n - a potion of brilliance {unknown}
 p - 5 potions of magic
 r - 2 potions of might {unknown}
 z - 4 potions of curing
 C - a potion of cancellation {unknown}
 D - a potion of haste {unknown}
 G - 2 potions of mutation {unknown}
Comestibles
 d - 9 rations
 v - 5 chunks of flesh


   Skills:
 + Level 5.8 Fighting
 - Level 5.0 Maces & Flails
 - Level 1.5 Dodging
 - Level 2.1 Stealth
 + Level 7.8 Spellcasting
 - Level 3.1 Conjurations
 - Level 4.0 Transmutations
 - Level 8.0 Earth Magic


You had 13 spell levels left.
You knew the following spells:

 Your Spells              Type           Power        Failure   Level  Hunger
a - Sandblast             Erth           #####.       1%          1    None
b - Stone Arrow           Conj/Erth      ####..       2%          3    None
c - Lee's Rapid Deconstr  Erth           #####.....   8%          5    #####..
d - Sticks to Snakes      Tmut           ####....     2%          2    None

Your spell library contained the following spells:

 Spells                   Type           Power        Failure   Level  Hunger
 Sting                    Conj/Pois      ###.         4%          1    None
 Beastly Appendage        Tmut           ####..       1%          1    None
 Passwall                 Tmut/Erth      #####...     1%          2    None
 Petrify                  Tmut/Erth      #####...     6%          4    ###....
 Spider Form              Tmut/Pois      ###.......   10%         3    None
 Ice Form                 Ice/Tmut       ###.....     32%         4    ###....
 Blade Hands              Tmut           ####......   38%         5    #####..


Dungeon Overview and Level Annotations

Branches:
Dungeon (8/15)             Temple (0/1) D:6
   Lair: D:8-11

Altars:
Cheibriados
Elyvilon
Gozag
Hepliaklqana
Makhleb
Uskayaw
Vehumet
Wu Jian
Xom
Yredelemnul

Shops:
D:4 [}}

Annotations:
D:7 3 runed doors, CasualChangeling's ghost, novice DrVM


Innate Abilities, Weirdness & Mutations

You are resistant to torment.
Your stone body is resilient. (AC +7)
You are immune to poison.
You resist negative energy. (rN+)
You are resistant to electric shocks. (rElec)
You can survive without breathing.
You are immune to petrification.
You are immune to rotting.


Message History

The orc hits you.
The orc warrior hits you but does no damage.
The ogre barely misses you.
Okay, then.
Okay, then.
You sock the orc priest!
You kill the orc priest!
Vehumet accepts your kill. The orc hits you.
* * * LOW HITPOINT WARNING * * *
The orc warrior misses you.
The orc warrior hits you but does no damage.
The orc barely misses you.
Found a stone staircase leading up.
Your magical contamination has completely faded away.
The ogre hits you with a giant spiked club!
* * * LOW HITPOINT WARNING * * *
There is a stone staircase leading up here.
The ogre hits you with a giant spiked club!!
You die...

#######################
.......@o)[............
######.#Oo.####..#####
#.#...........#
#.#...#####.#.#####
#.##.## #........
#.##..#####...#####
#.............#
#..##.##......# #..
#.##......#


You could see an orc warrior, an ogre and an orc.

Vanquished Creatures
  A two-headed ogre (D:7)
  Grinder (D:3)
  A hippogriff (D:8)
  Sigmund (D:6)
  Menkaure (D:6)
  A water moccasin (D:7)
  An orc warrior (D:8)
  2 ice beasts
  A sky beast (D:8)
  2 ogres (D:6)
  A centaur (D:5)
  2 bullfrogs
  3 scorpions
  3 wights (D:7)
  A howler monkey (D:4)
  2 crimson imps
  A jelly (D:5)
  An orc priest (D:8)
  5 hounds
  A centaur skeleton (D:6)
  8 orc wizards
  An iguana (D:5)
  4 worker ants
  A hound zombie (D:7)
  A howler monkey zombie (D:7)
  3 gnolls (D:4)
  6 adders
  An ooze (D:1)
  An adder zombie (D:5)
  An adder skeleton (D:6)
  5 worms
  4 dart slugs
  6 leopard geckos
  30 orcs
  A ball python (D:5)
  12 bats
  2 giant cockroaches
  5 goblins
  5 hobgoblins
  4 jackals (D:4)
  3 quokkas
  5 frilled lizards
  A jackal skeleton (D:4)
  6 kobolds
  7 rats
  A spectral orc (D:5)
156 creatures vanquished.

Notes
Turn   | Place    | Note
-------+----------+-------------------------------------------
     0 | D:1      | Laiders72 the Gargoyle Earth Elementalist began the quest
                  | for the Orb.
     0 | D:1      | Reached XP level 1. HP: 10/10 MP: 3/3
    45 | D:1      | Reached skill level 4 in Earth Magic
    51 | D:1      | Reached XP level 2. HP: 15/15 MP: 0/5
   886 | D:2      | Found a shimmering altar of Xom.
   886 | D:2      | Found a shimmering altar of Xom.
   890 | D:2      | Found a shimmering altar of Xom.
   906 | D:2      | Reached XP level 3. HP: 19/19 MP: 3/6
   938 | D:2      | Learned a level 3 spell: Stone Arrow
  1105 | D:2      | Reached skill level 5 in Earth Magic
  1292 | D:2      | Reached XP level 4. HP: 23/24 MP: 8/8
  1384 | D:2      | Found a burning altar of Makhleb.
  1970 | D:3      | Noticed Grinder
  1984 | D:3      | Killed Grinder
  1984 | D:3      | Reached skill level 6 in Earth Magic
  1984 | D:3      | Reached XP level 5. HP: 28/28 MP: 3/10
  1984 | D:3      | Reached XP level 6. HP: 32/32 MP: 3/11
  2209 | D:3      | Found an opulent altar of Gozag.
  3260 | D:3      | Learned a level 5 spell: Lee's Rapid Deconstruction
  3322 | D:4      | Found Yrchuhi's Antique Armour Shoppe.
  3325 | D:4      | Found Geosmit's Gadget Shop.
  3446 | D:4      | Reached XP level 7. HP: 36/36 MP: 10/13
  3788 | D:4      | Found Duteut's Gadget Shoppe.
  3872 | D:4      | Found a snail-covered altar of Cheibriados.
  4434 | D:4      | Reached skill level 5 in Spellcasting
  4904 | D:5      | Entered Level 5 of the Dungeon
  4917 | D:5      | Reached skill level 7 in Earth Magic
  5065 | D:5      | Learned a level 2 spell: Sticks to Snakes
  5197 | D:5      | Reached XP level 8. HP: 41/41 MP: 9/16
  5431 | D:5      | Found a white marble altar of Elyvilon.
  5671 | D:5      | Found a radiant altar of Vehumet.
  5831 | D:5      | Reached skill level 8 in Earth Magic
  5871 | D:5      | Found a basalt altar of Yredelemnul.
  6228 | D:5      | Became a worshipper of Vehumet
  6271 | D:6      | Noticed Sigmund
  6299 | D:6      | Killed Sigmund
  6299 | D:6      | Reached skill level 1 in Fighting
  6299 | D:6      | Reached skill level 1 in Maces & Flails
  6299 | D:6      | Reached skill level 1 in Transmutations
  6439 | D:6      | Found an ornate altar of the Wu Jian Council.
  6763 | D:6      | Noticed Menkaure
  6770 | D:6      | Killed Menkaure
  6895 | D:6      | Found a staircase to the Ecumenical Temple.
  7019 | D:7      | Noticed a two-headed ogre
  7021 | D:7      | Found a hide-covered altar of Uskayaw.
  7031 | D:7      | Killed a two-headed ogre
  7031 | D:7      | Reached XP level 9. HP: 52/52 MP: 3/19
  7128 | D:7      | Noticed a hand axe
  7264 | D:7      | Found a hazy altar of Hepliaklqana.
  7294 | D:7      | Found a runed gate.
  7294 | D:7      | Found a runed gate.
  7295 | D:7      | Found a runed gate.
  7298 | D:7      | Noticed CasualChangeling's ghost (novice DrVM)
  7428 | D:7      | Noticed a hand axe
  8092 | D:8      | Reached * piety under Vehumet
  8092 | D:8      | Offered knowledge of Sting by Vehumet.
  8277 | D:7      | Reached skill level 5 in Fighting
  8327 | D:8      | Reached skill level 5 in Maces & Flails
  8456 | D:8      | Reached XP level 10. HP: 43/60 MP: 3/21
  8472 | D:8      | Demolished by an ogre

Vault maps used:
D:1:      sevenhm_arrival_forest_fort_small_4
D:2:      xom_redecorated, makhleb_blood_cavern_becter
D:3:      grunt_gozag_statues, uniq_grinder
D:4:      kennysheep_slug_shrine, first_ration, serial_shops,
          nicolae_shop_crystal, nicolae_shop_statue_plus, shop
D:5:      yredelemnul_forgotten_temple_becter, elyvilon_altar_3,
          vehumet_altar_wand_db
D:6:      lemuel_round_altar, minmay_temple_entry_poolview, uniq_sigmund,
          uniq_menkaure
D:7:      lemuel_crystal_altar, dancing_weapons_uskayaw,
          gammafunk_ghost_necromancy
D:8:      nicolae_overflow_crystal_walls, zin_scriptorium, uniq_erica,
          uniq_grum, uniq_psyche, uniq_gastronok

Skill      XL: |  1  2  3  4  5  6  7  8  9 |
---------------+----------------------------+-----
Earth Magic    | 4 5 6 7 8 |  8.0
Spellcasting   | 3 4 5 7 |  7.8
Conjurations   | 2 3 |  3.1
Fighting       | 4 5 |  5.8
Maces & Flails | 3 5 |  5.0
Transmutations | 3 4 |  4.0
Dodging        | |  1.5
Stealth        | |  2.1

Action                   |  1- 3 |  4- 6 |  7- 9 | 10-12 || total
-------------------------+-------+-------+-------+-------++-------
Melee: Unarmed           |     9 |       |       |       ||     9
       Spear             |    72 |    89 |       |       ||   161
       Flail             |       |     5 |   177 |     4 ||   186
 Cast: Sandblast         |    17 |    36 |    52 |       ||   105
       Stone Arrow       |     2 |     6 |    46 |       ||    54
       Sticks to Snakes  |       |       |     4 |       ||     4
       Lee's Rapid Decon |       |       |     4 |       ||     4
  Use: Scroll            |       |     5 |     6 |       ||    11
 Stab: Sleeping          |       |     3 |     3 |       ||     6
  Eat: Chunk             |     2 |     7 |    11 |       ||    20
       Ration            |       |       |     2 |       ||     2
Armor: Robe              |    38 |    30 |    96 |     4 ||   168
Dodge: Dodged            |    59 |    61 |   163 |     5 ||   288

Table legend:
 A = Non-vault XP
 B = Vault XP
 C = Vault XP percentage of total XP
 D = Non-vault monster count
 E = Vault monster count
 F = Vault count percentage of total count
                 A         B        C        D         E       F
            +---------+---------+-------+---------+---------+-------
      Total |    4100 |     714 |  14.8 |     149 |       7 |   4.5
            +---------+---------+-------+---------+---------+-------
        D:1 |      33 |       0 |   0.0 |      16 |       0 |   0.0
        D:2 |      66 |      42 |  38.9 |      17 |       1 |   5.6
        D:3 |     113 |     272 |  70.6 |      27 |       1 |   3.6
        D:4 |     363 |       4 |   1.1 |      33 |       1 |   2.9
        D:5 |     454 |       2 |   0.4 |      16 |       2 |  11.1
        D:6 |     382 |     394 |  50.8 |      12 |       2 |  14.3
        D:7 |    1876 |       0 |   0.0 |      20 |       0 |   0.0
        D:8 |     813 |       0 |   0.0 |       8 |       0 |   0.0
            +---------+---------+-------+---------+---------+-------
